 Dungeon Crawl Stone Soup version 0.30.0-16-gbe6223bb7e (webtiles) character file.

Game seed: 15241056929485307240

28 Cheops the Cudgeller (level 3, -4/31 HPs)
             Began as a Minotaur Fighter on May 21, 2023.
             Slain by Sigmund
             ... wielding a +0 scythe
              (7 damage)
             ... on level 2 of the Dungeon.
             The game lasted 00:02:11 (997 turns).

Cheops the Cudgeller (Minotaur Fighter)              Turns: 997, Time: 00:02:12

Health: -4/31      AC:  8    Str: 22    XL:     3   Next: 0%
Magic:  2/2        EV:  9    Int:  5    God:
Gold:   47         SH:  4    Dex:  9    Spells: 2/2 levels left

rFire   . . .        a - +0 flail
rCold   . . .        c - +0 buckler
rNeg    . . .        b - +0 scale mail
rPois   .            (helmet restricted)
rElec   .            q - +0 cloak
rCorr   .            (no gloves)
SInv    .            (no boots)
Will    .....        l - amulet of the acrobat Stlth
                     (no ring)
HPRegen 0.25/turn    (no ring)
MPRegen 0.08/turn

%: acrobat
@: no status effects
A: horns 2, retaliatory headbutt
a: no special abilities


You were on level 2 of the Dungeon.
You visited 1 branch of the dungeon, and saw 2 of its levels.

You collected 47 gold pieces.

Inventory:

Hand Weapons
 a - a +0 flail (weapon)
Missiles
 p - 4 javelins (quivered)
Armour
 b - a +0 scale mail (worn)
 c - a +0 buckler (worn)
 q - a +0 cloak (worn)
Jewellery
 l - an amulet of the acrobat (around neck)
Scrolls
 e - 3 scrolls of teleportation {unknown}
 h - a scroll of enchant weapon {unknown}
 i - a scroll of noise {unknown}
 j - 2 scrolls of identify {unknown}
 k - a scroll of immolation {unknown}
 o - a scroll of poison {unknown}
Potions
 d - a potion of might
 f - a potion of degeneration {unknown}
 g - a potion of lignification {unknown}
 m - a potion of mutation {unknown}
 n - a potion of curing {unknown}


   Skills:
 - Level 3.6 Fighting
 + Level 4.3 Maces & Flails
 - Level 3.6 Armour
 - Level 3.6 Shields


You had 2 spell levels left.
You didn't know any spells.
Your spell library was empty.

Dungeon Overview and Level Annotations

Branches:
Dungeon (2/15)

Altars:

Shops:
D:1 !

Annotations:
D:2 Sigmund


Innate Abilities, Weirdness & Mutations

You have a pair of horns on your head.
You reflexively headbutt those who attack you in melee.


Message History

The ball python is severely wounded.
The ball python bites you but does no damage.
The ball python constricts you.
Sigmund gestures wildly while chanting.
Sigmund flickers and vanishes!
Deactivating autopickup; reactivate with Ctrl-A.
You hear a shout!
You thump the ball python!
You kill the ball python!
You hear a bark!
A kobold comes into view. It is wielding a +0 club.
A goblin comes into view. It is wielding a +0 dagger.
The jackal closely misses you. The jackal attacks as you move away!
The jackal closely misses you. You block the jackal's attack.
You block the jackal's attack. The jackal attacks as you move away!
The jackal misses you.
You closely miss the jackal.
The jackal bites you but does no damage.
The jackal bites you.
You sock the jackal!
You kill the jackal!
The jackal bites you.
You sock the jackal!
You kill the jackal!
You hear some strange, mumbled words.
A puff of flame appears from out of thin air!
The puff of flame hits you!
You have reached level 3!
Your experience leads to an increase in your attributes!
Increase (S)trength, (I)ntelligence, or (D)exterity?
You feel stronger. x2
You swing at nothing.
Something hits you!
* * * LOW HITPOINT WARNING * * *
You swing at nothing.
Something hits you!
* * * LOW HITPOINT WARNING * * *
The kobold hits you but does no damage.
You barely miss the kobold. The kobold hits you but does no damage.
Something hits you!
You die...

#.............
.....#...##### #..
#....###### #.# #
..........# #.# .#
..<#..##### # #.# .#
#......# #......# ..
#.....## ##.#.#.###..
#.....# #...........
.....## # #@# .....
#...#########.##K#.....
...............g{#.#.#
#......(..######.....#
##.######.######.#.#.#..
#.# #.........†........
... #.##..##...........
###. # #..#.....###..#.
. ..........# ..#


You could see a goblin and a kobold.

Vanquished Creatures
  An adder (D:2)
  A worm (D:2)
  2 dart slugs (D:1)
  2 endoplasms (D:1)
  2 jackals (D:2)
  3 ball pythons
  A frilled lizard (D:1)
  A rat (D:2)
13 creatures vanquished.

Notes
Turn   | Place    | Note
-------+----------+-------------------------------------------
     0 | D:1      | Cheops the Minotaur Fighter began the quest for the Orb.
     0 | D:1      | Reached XP level 1. HP: 19/19 MP: 0/0
   134 | D:1      | Reached skill level 3 in Maces & Flails
   173 | D:1      | Found Iqoggask's Distillery.
   264 | D:1      | Reached XP level 2. HP: 26/26 MP: 1/1
   945 | D:2      | Reached skill level 4 in Maces & Flails
   981 | D:2      | Noticed Sigmund
   995 | D:2      | Reached XP level 3. HP: 19/31 MP: 2/2
   997 | D:2      | Slain by Sigmund

Illustrated notes

Levels and vault maps discovered:
D:1:      tarquinn_simple_flora_water_f, layout_basic, serial_shops, shop
D:2:      layout_basic, uniq_sigmund, uniq_crazy_yiuf_cottage

Skill      XL: |  1  2 |
---------------+-------+-----
Maces & Flails | 3 4 |  4.3
Fighting       | |  3.6
Armour         | |  3.6
Shields        | |  3.6

Action                     || total
---------------------------++-------
  Melee: Flail             ||    29
         Headbutt          ||     6
 Armour: Scale mail        ||    12
  Dodge: Dodged            ||    17
  Block: Buckler           ||    12
